 Dungeon Crawl Stone Soup version 0.20-a0-501-g0de2c2e (webtiles) character file.

105170 HEYYEYAAE the Bludgeoner (level 15, -4/140 HPs)
             Began as a Troll Berserker on Oct 29, 2016.
             Was a High Priest of Trog.
             Slain by a five-headed hydra (20 damage)
             ... called by a spriggan druid
             ... on level 4 of the Swamp on Jan 20, 2017.
             The game lasted 01:03:07 (27131 turns).

HEYYEYAAE the Bludgeoner (Troll Berserker)         Turns: 27131, Time: 01:03:08

Health: -4/140     AC: 16    Str: 41    XL:     15   Next: 94%
Magic:  18/18      EV: 10    Int:  3    God:    Trog [*****.]
Gold:   785        SH:  0    Dex:  9    Spells: 14/14 levels left

rFire    . . .     SeeInvis .   E - +2 giant club (crush)
rCold    . . .     Gourm    +   C - +0 storm dragon scales
rNeg     . . .     Faith    +   (shield currently unavailable)
rPois    .         Spirit   .   S - +0 hat "Rympogal" {*Corrode rElec Str+4}
rElec    +         Reflect  .   (no cloak)
rCorr    .         Harm     .   (gloves unavailable)
MR       +....                  (boots unavailable)
Stlth    ..........             i - amulet of faith
Regen    0.8/turn               M - +3 ring of strength
                                t - +6 ring of slaying

@: about to teleport, very slightly contaminated, studying Translocations
A: unfitting armour, claws 3, fast metabolism 3, gourmand, regeneration 1,
shaggy fur 1, tough skin 2
a: Berserk, Trog's Hand, Brothers in Arms, Burn Spellbooks, Renounce Religion


You were on level 4 of the Swamp.
You worshipped Trog.
Trog was extremely pleased with you.
You were not hungry.

You visited 3 branches of the dungeon, and saw 25 of its levels.
You also visited: Ice Cave.

You collected 1563 gold pieces.
You spent 778 gold pieces at shops.

Inventory:

Hand Weapons
 u - a +0 dire flail of draining
 x - a +1 giant spiked club of crushing
 E - a +2 giant club of crushing (weapon)
 V - a +3 antimagic giant spiked club
Missiles
 f - 5 large rocks (quivered)
Armour
 e - a +2 large shield
 C - +0 storm dragon scales (worn)
 S - the +0 hat "Rympogal" (worn) {*Corrode rElec Str+4}
   (You found it on level 6 of the Lair of Beasts)

   It affects your strength (+4).
   It insulates you from electricity.
   It may corrode you when you take damage.
 W - the +2 robe of Conscience {rPois rF- rC+ rCorr}
   (You found it on level 10 of the Dungeon)

   It makes you vulnerable to fire.
   It protects you from cold.
   It protects you from poison.
   It protects you from acid and corrosion.
Jewellery
 i - an amulet of faith (around neck)
 k - a +2 amulet of reflection {unknown}
 t - a +6 ring of slaying (left claw)
 H - an uncursed amulet of guardian spirit
 M - a +3 ring of strength (right claw)
Wands
 a - a wand of lightning (9/15)
 z - a wand of iceblast (6/15)
 G - a wand of iceblast (3/15)
 I - a wand of enslavement (4/24)
 P - a wand of disintegration (6/24)
 T - a wand of acid (0/15)
 X - a wand of lightning (6/15)
 Z - a wand of iceblast (6/15)
Scrolls
 h - 16 scrolls of remove curse
 s - 4 scrolls of enchant armour
 y - a scroll of silence
 A - 4 scrolls of recharging
 D - 4 scrolls of magic mapping
 K - a scroll of immolation
 L - 2 scrolls of fog
 Y - 2 scrolls of teleportation
Potions
 b - 2 potions of agility
 j - 2 potions of berserk rage
 m - 3 potions of lignification
 o - 2 potions of might
 p - 2 potions of resistance
 r - 2 potions of magic
 v - 6 potions of flight
 w - a potion of haste
 B - a potion of curing
 F - 3 potions of brilliance
 J - 4 potions of cancellation
 R - a potion of cure mutation
 U - 2 potions of ambrosia
Books
 n - a manual of Translocations Trog disapproves of the use of such an item.
Miscellaneous
 O - a lamp of fire (inert)
Comestibles
 c - 18 bread rations
 d - 11 fruits
 g - 9 meat rations
 l - 8 beef jerkies
 N - 11 royal jellies


   Skills:
 + Level 7.4 Fighting
 * Level 20.2 Maces & Flails
 + Level 7.4 Armour
 + Level 7.6 Dodging
 + Level 6.0 Evocations


You had 14 spell levels left.
You didn't know any spells.

Dungeon Overview and Level Annotations

Branches:
Dungeon (15/15)            Temple (0/1) D:5            Lair (6/6) D:8
  Swamp (4/4) Lair:2       Spider (0/4) Lair:4        Slime (0/5) Lair:6
    Orc (0/2) D:11         Vaults (0/5) D:14
 Depths: D:15

Altars:
Ashenzari
Cheibriados
Dithmenos
Elyvilon
Gozag
Nemelex Xobeh
Sif Muna
Zin
Jiyva

Shops:
D:4 !   D:11 *   D:14 [[

Annotations:
D:7 Dowan
Lair:6 1 runed door


Innate Abilities, Weirdness & Mutations

You are too large for most types of armour.
You have claws for hands.
Your metabolism is lightning-fast.
You like to eat raw meat.
Your natural rate of healing is unusually fast.
You are covered in fur. (AC +1)
You have very tough skin. (AC +2)


Message History

Unknown command.
You feel much better. The five-headed hydra bites you!
* * * LOW HITPOINT WARNING * * *
A vampire mosquito comes into view.
The vampire mosquito buzzes angrily.
The five-headed hydra bites you!
* * * LOW HITPOINT WARNING * * *
The five-headed hydra bites you.
* * * LOW HITPOINT WARNING * * *
The five-headed hydra closely misses you.
The five-headed hydra bites you!
* * * LOW HITPOINT WARNING * * *
Okay, then.
Okay, then.
You feel better.
The tyrant leech no longer looks unusually strong.
The five-headed hydra bites you.
* * * LOW HITPOINT WARNING * * *
The five-headed hydra bites you!!
You die...

♣ ♣♣♣♣♣♣♣♣♣..≈♣
♣♣.§≈≈.≈≈≈≈≈≈♣
♣.≈≈≈@F≈≈≈≈≈≈♣
♣.§≈≈yDy.≈...♣
♣...§...≈w≈...
..≈....≈.≈≈...♣
....≈≈♣♣♣..D..♣♣
.♣♣♣♣♣ ♣..yw..♣
....≈≈...≈)y..♣
≈≈.≈≈≈≈≈≈≈≈..≈♣
...≈≈≈≈≈≈≈.§Dw(.≈


You could see 2 five-headed hydras, a tyrant leech, a spiny frog, a swamp worm
and 3 vampire mosquitoes.

Vanquished Creatures
  2 thorn hunters (Swamp:3)
  Donald (Swamp:1)
  A very ugly thing (Swamp:4)
  Snorg (Lair:5)
  3 dire elephants (Lair:6)
  A rakshasa (D:15)
  Fannar (D:11)
  A catoblepas (Lair:6)
  13 hydras
  2 centaur warriors
  An ogre mage (D:14)
  An anaconda (Lair:6)
  5 alligators
  6 death yaks (Lair:6)
  A skeletal warrior (D:14)
  9 slime creatures
  2 unseen horrors
  2 spriggan druids
  A shambling mangrove (Swamp:1)
  9 removed MONS_HILL_GIANTs
  2 swamp dragons
  A wolf spider zombie (D:15)
  Pikel (D:4)
  An orc knight (D:14)
  An oklob plant (Lair:5)
  A cyclops (D:12)
  2 manticores (D:13)
  9 ugly things
  4 elephants (Lair:6)
  2 ice statues (IceCv)
  A black mamba (Lair:2)
  15 spiny frogs
  7 komodo dragons
  5 rime drakes
  A kobold demonologist (D:9)
  9 yaktaurs
  7 ice devils (IceCv)
  The ghost of anet the Magician, a novice DEWz (D:5)
  A meliai (shapeshifter) (D:15)
  A harpy skeleton (D:14)
  A jumping spider (Lair:4)
  6 trolls
  6 two-headed ogres
  2 tyrant leeches (Swamp:3)
  5 hornets
  Prince Ribbit (D:5)
  4 bog bodies
  A blink frog (shapeshifter) (D:15)
  15 hippogriffs
  16 blink frogs
  5 dream sheep (Lair:6)
  2 wyverns
  3 shadows
  The ghost of Zorot the Chopper, an amateur MiBe of Trog (D:4)
  5 redbacks (Lair:4)
  3 basilisks
  44 yaks
  A hungry ghost (D:13)
  An acid dragon (D:13)
  Edmund (D:4)
  25 vampire mosquitoes
  15 swamp worms
  8 water moccasins
  15 porcupines
  Duvessa (D:7)
  5 orc warriors
  A hornet zombie (D:13)
  4 swamp drakes
  2 ice beasts
  2 sky beasts
  2 black bears
  An eye of draining (D:13)
  3 wolves (Lair:1)
  9 ogres
  13 centaurs
  15 crocodiles
  16 big kobolds
  23 bullfrogs
  5 scorpions
  5 killer bees (D:9)
  16 wights
  2 electric eels (D:6)
  A howler monkey (D:11)
  7 crimson imps
  3 bullfrog zombies
  A centaur zombie (D:11)
  2 quasits
  7 jellies
  7 orc priests
  8 centaur skeletons
  A bullfrog skeleton (D:9)
  4 hounds
  9 iguanas
  11 orc wizards
  13 worker ants
  A mummy (D:8)
  Robin (D:3)
  2 howler monkey zombies
  12 gnolls
  2 river rats (D:8)
  14 adders
  2 shadow imps
  9 white imps (IceCv)
  7 ufetubi (IceCv)
  2 oozes
  An adder skeleton (D:7)
  A worm (D:10)
  2 dart slugs
  7 leopard geckos
  45 orcs
  9 bats
  5 giant cockroaches
  11 goblins
  7 hobgoblins
  13 jackals
  4 quokkas
  6 frilled lizards
  3 jackal skeletons
  19 kobolds
  10 rats
  4 briar patches (Swamp:3)
  A fungus (Lair:6)
  3 plants (Lair:6)
723 creatures vanquished.

Vanquished Creatures (collateral kills)
  Nessos (D:15)
  A rakshasa (D:14)
  A hydra (Swamp:1)
  A centaur warrior (D:15)
  A glowing orange brain (D:15)
  An orc knight (D:15)
  A queen bee (shapeshifter) (D:15)
  A jumping spider (Lair:4)
  A troll (D:11)
  A bog body (Swamp:1)
  A hornet (D:10)
  3 slime creatures
  3 blink frogs (Swamp:1)
  A redback (Lair:4)
  A tarantella (shapeshifter) (D:15)
  3 yaks (D:9)
  2 hungry ghosts
  A warg (D:15)
  A porcupine (D:8)
  3 orc warriors
  An ogre (D:11)
  5 big kobolds (D:11)
  3 gnoll sergeants (D:11)
  2 bullfrogs
  An iguana (D:12)
  4 gnolls (D:11)
  An orc (D:11)
46 creatures vanquished.

Vanquished Creatures (others)
  Louise (Swamp:3)
  A reaper (IceCv)
  2 white imps (IceCv)
  3 ufetubi (IceCv)
  A quokka (D:5)
  A leopard gecko skeleton (D:4)
  2 briar patches (Swamp:3)
  5 fungi
  5 plants
21 creatures vanquished.

Grand Total: 790 creatures vanquished

Notes
Turn   | Place    | Note
-------+----------+-------------------------------------------
     0 | D:1      | HEYYEYAAE the Troll Berserker began the quest for the Orb.
     0 | D:1      | Reached XP level 1. HP: 22/22 MP: 0/0
    49 | D:1      | Reached XP level 2. HP: 29/29 MP: 1/1
   169 | D:1      | Reached skill level 3 in Maces & Flails
   609 | D:2      | Reached XP level 3. HP: 36/36 MP: 2/2
   865 | D:2      | Reached skill level 1 in Armour
   903 | D:2      | Reached ** piety under Trog
  1241 | D:2      | Reached XP level 4. HP: 43/44 MP: 3/3
  1612 | D:3      | Found a faded altar of an unknown god.
  1630 | D:3      | Noticed Robin
  1723 | D:3      | Killed Robin
  1728 | D:3      | HP: 2/44 [goblin/club[Robin] (5)]
  1909 | D:3      | Reached XP level 5. HP: 51/52 MP: 4/4
  1916 | D:3      | Reached *** piety under Trog
  1916 | D:3      | Reached skill level 4 in Maces & Flails
  2482 | D:4      | Noticed Edmund
  2485 | D:4      | Noticed Zorot's ghost (amateur MiBe)
  2496 | D:4      | Killed Edmund
  2496 | D:4      | Reached XP level 6. HP: 48/61 MP: 5/5
  2500 | D:4      | Killed Zorot's ghost
  2500 | D:4      | Reached skill level 5 in Maces & Flails
  2500 | D:4      | Reached XP level 7. HP: 55/67 MP: 6/6
  2733 | D:4      | Found Ozooq's Distillery.
  2741 | D:4      | Bought a potion of heal wounds for 60 gold pieces
  2741 | D:4      | Bought 2 potions of curing for 72 gold pieces
  2741 | D:4      | Bought a potion of flight for 36 gold pieces
  2884 | D:4      | Noticed Pikel
  2896 | D:4      | Killed Pikel
  2896 | D:4      | Reached skill level 6 in Maces & Flails
  2896 | D:4      | Reached XP level 8. HP: 71/78 MP: 7/7
  3020 | D:5      | Entered Level 5 of the Dungeon
  3250 | D:5      | Noticed Prince Ribbit
  3266 | D:5      | Killed Prince Ribbit
  3522 | D:5      | Found a staircase to the Ecumenical Temple.
  3554 | D:5      | Noticed anet's ghost (novice DEWz)
  3558 | D:5      | Found a white marble altar of Elyvilon.
  3565 | D:5      | Killed anet's ghost
  3565 | D:5      | Reached skill level 7 in Maces & Flails
  3565 | D:5      | Reached skill level 1 in Evocations
  3613 | D:5      | Found a shattered altar of Ashenzari.
  3708 | D:5      | You fall through a shaft for 3 floors!
  3741 | D:7      | Reached **** piety under Trog
  3752 | D:7      | Reached XP level 9. HP: 87/87 MP: 9/9
  4559 | D:6      | Reached skill level 5 in Fighting
  4559 | D:6      | Reached skill level 5 in Dodging
  4705 | D:6      | Found a sparkling altar of Nemelex Xobeh.
  5424 | D:7      | Reached skill level 8 in Maces & Flails
  5425 | D:7      | Found an opulent altar of Gozag.
  5537 | D:7      | You fall through a shaft!
  5542 | D:8      | Reached ***** piety under Trog
  5816 | D:8      | Found a staircase to the Lair.
  5966 | D:8      | Reached skill level 5 in Armour
  6032 | D:8      | Found a snail-covered altar of Cheibriados.
  6073 | D:8      | Reached XP level 10. HP: 96/96 MP: 11/11
  6426 | D:8      | Reached skill level 9 in Maces & Flails
  7077 | D:7      | Noticed Dowan
  7078 | D:7      | Noticed Duvessa
  7100 | D:7      | Killed Duvessa
  7342 | D:9      | Found a glowing silver altar of Zin.
  7711 | D:9      | Received a gift from Trog
  7924 | D:9      | Reached skill level 10 in Maces & Flails
  7926 | D:9      | Reached XP level 11. HP: 105/105 MP: 13/13
  8116 | D:10     | Entered Level 10 of the Dungeon
  8252 | D:10     | Noticed a hill giant
  8263 | D:10     | Killed a hill giant
  8274 | D:10     | Paralysed by a hornet for 3 turns
  8463 | D:10     | Got a shimmering robe
  8474 | D:10     | Identified the +2 robe of Conscience {rPois rF- rC+ rCorr} (You found it on level 10 of the Dungeon)
  8704 | D:10     | Received a gift from Trog
  9054 | D:11     | Received a gift from Trog
  9143 | D:11     | Noticed Fannar
  9157 | D:11     | Killed Fannar
  9284 | D:11     | Found a shadowy altar of Dithmenos.
  9498 | D:11     | Noticed a purple ugly thing
  9518 | D:11     | Killed a purple ugly thing
  9649 | D:11     | Found Laobb's Assorted Antiques.
  9655 | D:11     | Bought a potion of curing for 102 gold pieces
  9787 | D:11     | Noticed an unseen horror
  9795 | D:11     | Killed an unseen horror
  9795 | D:11     | Reached skill level 5 in Evocations
  9866 | D:11     | Reached ****** piety under Trog
  9910 | D:11     | Gained mutation: You are dopey. (Int -2) [mutagenic meat]
  9912 | D:11     | Gained mutation: Scrolls take you a little longer to read. [mutagenic meat]
  9914 | D:11     | Gained mutation: You are frail. (-10% HP) [mutagenic meat]
  9915 | D:11     | Gained mutation: You are surrounded by a mild repulsion field. (EV +2) [mutagenic meat]
  9920 | D:11     | Lost mutation: You are dopey. (Int -2) [potion of cure mutation]
  9920 | D:11     | Lost mutation: You are frail. (-10% HP) [potion of cure mutation]
  9920 | D:11     | Lost mutation: Scrolls take you a little longer to read. [potion of cure mutation]
  9920 | D:11     | Lost mutation: You are surrounded by a mild repulsion field. (EV +2) [potion of cure mutation]
 10047 | D:11     | Found a staircase to the Orcish Mines.
 10077 | D:11     | Received a gift from Trog
 10083 | D:11     | Reached skill level 11 in Maces & Flails
 10174 | D:11     | Noticed a hill giant
 10185 | D:11     | Killed a hill giant
 10717 | D:12     | Noticed a hill giant
 10722 | D:12     | Killed a hill giant
 10722 | D:12     | Reached XP level 12. HP: 115/115 MP: 14/14
 10907 | D:12     | Reached skill level 12 in Maces & Flails
 11419 | D:13     | Found a frozen archway.
 11439 | IceCv    | Entered an ice cave
 11635 | IceCv    | Killed a reaper
 11990 | IceCv    | Reached skill level 13 in Maces & Flails
 12320 | D:13     | Received a gift from Trog
 12328 | D:13     | Got a crude giant spiked club {god gift}
 12659 | D:13     | Reached skill level 14 in Maces & Flails
 12892 | D:13     | Identified the +3 giant spiked club of Caowkyele {crush, *Noise Str+3 Dex+2} (Trog gifted it to you on level 13 of the Dungeon)
 13643 | D:14     | Found Roylihal's Antique Armour Shoppe.
 13646 | D:14     | Bought an embroidered hat for 270 gold pieces
 13713 | D:14     | Got an ancient mace
 13727 | D:14     | Reached XP level 13. HP: 114/123 MP: 15/15
 13763 | D:14     | Received a gift from Trog
 13821 | D:14     | Identified Tanu's Volume of the Oath
 13999 | D:14     | Reached skill level 15 in Maces & Flails
 14043 | D:14     | Found Mippea's Antique Armour Boutique.
 14134 | D:14     | You fall through a shaft!
 14134 | D:15     | Entered Level 15 of the Dungeon
 15135 | D:15     | Noticed Nessos
 15142 | D:15     | Killed Nessos
 15159 | D:15     | Reached skill level 16 in Maces & Flails
 15542 | D:14     | Received a gift from Trog
 15875 | D:14     | Found a gate to the Vaults.
 16694 | D:11     | Bought a scroll of magic mapping for 119 gold pieces
 16694 | D:11     | Bought a scroll of fear for 119 gold pieces
 16751 | Lair:1   | Entered Level 1 of the Lair of Beasts
 16758 | Lair:1   | Reached skill level 17 in Maces & Flails
 16758 | Lair:1   | Reached XP level 14. HP: 111/131 MP: 16/16
 17074 | Lair:1   | Identified the cursed +2 mace of Eternity {pain, -Tele rF+ rN+ MP+9} (You found it on level 14 of the Dungeon)
 18274 | Lair:2   | Found a staircase to the Swamp.
 19109 | Swamp:1  | Entered Level 1 of the Swamp
 20158 | Lair:4   | Reached skill level 18 in Maces & Flails
 21131 | Lair:4   | Received a gift from Trog
 21132 | Lair:4   | Found a hole to the Spider Nest.
 21541 | Lair:5   | Noticed Snorg
 21549 | Lair:5   | Killed Snorg
 21557 | Lair:5   | Upgraded the game from 0.20-a0-2-g2b0e13a to 0.20-a0-433-g9e36e56
 22122 | Lair:6   | Entered Level 6 of the Lair of Beasts
 22190 | Lair:6   | Found a runed door.
 22194 | Lair:6   | Found a viscous altar of Jiyva.
 22967 | Lair:6   | Reached skill level 19 in Maces & Flails
 23057 | Lair:6   | Reached XP level 15. HP: 132/139 MP: 17/17
 23352 | Lair:6   | Found a staircase to the Slime Pits.
 23663 | Lair:6   | Received a gift from Trog
 23797 | Lair:6   | Got a steaming hat
 23808 | Lair:6   | Identified the +0 hat "Rympogal" {*Corrode rElec Str+4} (You found it on level 6 of the Lair of Beasts)
 23813 | Lair:6   | Got a transparent spear
 24502 | Swamp:1  | Noticed Donald
 24512 | Swamp:1  | Killed Donald
 24607 | Swamp:1  | You fall through a shaft!
 24720 | Swamp:2  | Identified the +3 spear of Vodka {freeze, *Rage rF+ rN+ Dex+2} (You found it on level 6 of the Lair of Beasts)
 25207 | Swamp:1  | Received a gift from Trog
 25553 | Swamp:2  | Reached skill level 20 in Maces & Flails
 26145 | Swamp:3  | Noticed a thorn hunter
 26153 | Swamp:3  | Killed a thorn hunter
 26169 | Swamp:3  | Noticed Louise
 26257 | Swamp:3  | HP: 7/140 [Louise/sting (1)]
 26259 | Swamp:3  | Killed Louise
 26383 | Swamp:2  | Upgraded the game from 0.20-a0-433-g9e36e56 to 0.20-a0-501-g0de2c2e
 26406 | Swamp:3  | Found a deep blue altar of Sif Muna.
 26601 | Swamp:3  | Noticed a thorn hunter
 26617 | Swamp:3  | Killed a thorn hunter
 27111 | Swamp:4  | Entered Level 4 of the Swamp
 27130 | Swamp:4  | HP: 7/140 [five-headed hydra[a spriggan druid] (14)]
 27131 | Swamp:4  | Slain by a five-headed hydra

Vault maps used:
D:1:      dpeg_arrival_orchard
D:2:      wad_crossroads
D:3:      ecumenical_altar_1, uniq_robin
D:4:      serial_shops, shop, lemuel_old_faithful, uniq_edmund, uniq_pikel
D:5:      elyvilon_altar_4, cheibrodos_ashenzari_chains, first_bread,
          grunt_ministairs_1, uniq_prince_ribbit1
D:6:      serial_bayou, serial_bayou_shore_b, serial_bayou_lagoon_a,
          serial_bayou_pond_d, serial_bayou_ford_a, nemelex_dance_club_becter
D:7:      minmay_misc_feat_tower, nicolae_gozag_seed_capital, uniq_duvessa
D:8:      slow_altar_2, minmay_lair_entry_grove, minmay_checkerbox
D:9:      basic_altar, special_room
D:10:     hangedman_pestilent_swarm
D:11:     kennysheep_orc_monster_closet_entryway, basic_altar, serial_shops,
          nicolae_shop_overgrown_old_shop, uniq_fannar
D:13:     portal_ice_cave_rime, grunt_ministairs_13, grunt_decor_one_mirror
D:14:     hangedman_vaults_entry_quadrant_bands, serial_shops, shop,
          nicolae_shop_statue_plus, grunt_decor_arrowhead
D:15:     gammafunk_enter_depths_forms, hangedman_decor_points, uniq_nessos
Lair:1:   wad_woods_structure_01
Lair:2:   swamp_mist, st_stairs_4, cheibrodos_lair_reptile_den,
          infiniplex_staircase_pool
Lair:3:   grunt_megastairs_4
Lair:4:   nicolae_spider_entry_tight_spaces, serial_bayou_shore_b
Lair:5:   uniq_snorg
Lair:6:   due_jungle_book, slime_altar_2
Swamp:1:  nicolae_swamp_treefoil, uniq_donald
Swamp:2:  hangedman_swamp_ruin_wall
Swamp:3:  basic_altar, uniq_louise
Swamp:4:  swamp_alternative
IceCv:    ice_cave_small_demon

Skill      XL: |  1  2  3  4  5  6  7  8  9 10 11 12 13 14 15 |
---------------+----------------------------------------------+-----
Maces & Flails | 3 4 5 6 7 8 10 11 14 17 19 20 | 20.2
Armour         | 1 2 3 4 5 6 7 |  7.4
Fighting       | 3 4 5 6 7 |  7.4
Dodging        | 3 4 5 6 7 |  7.6
Evocations     | 1 2 4 5 6 |  6.0

Action                   |  1- 3 |  4- 6 |  7- 9 | 10-12 | 13-15 || total
-------------------------+-------+-------+-------+-------+-------++-------
Melee: Mace              |   126 |    89 |       |       |    17 ||   232
       Trident           |       |    39 |       |       |       ||    39
       Whip              |       |    38 |   295 |   620 |       ||   953
       Flail             |       |       |       |   339 |    78 ||   417
       Dire flail        |       |       |       |    57 |   569 ||   626
       Demon trident     |       |       |       |    22 |       ||    22
       Giant spiked club |       |       |       |     4 |    20 ||    24
       Giant club        |       |       |       |       |   452 ||   452
Throw: Large rock        |       |       |       |     3 |       ||     3
Invok: Berserk           |       |     4 |    12 |    32 |    37 ||    85
       Brothers in Arms  |       |       |       |     5 |    10 ||    15
       Trog's Hand       |       |       |       |       |     3 ||     3
Evoke: Wand              |       |       |     2 |    15 |     6 ||    23
       Lamp of fire      |       |       |       |       |     4 ||     4
  Use: Scroll            |       |     4 |     8 |    17 |    23 ||    52
       Potion            |       |       |     1 |     8 |    13 ||    22
 Stab: Sleeping          |       |     1 |     1 |     2 |       ||     4
  Eat: Chunk             |    11 |    17 |    48 |   106 |   159 ||   341
       Beef jerky        |       |       |       |     2 |       ||     2
       Royal jelly       |       |       |       |     1 |     1 ||     2
       Pizza             |       |       |       |     1 |     4 ||     5
       Meat ration       |       |       |       |     1 |       ||     1
Armor: Animal skin       |    58 |    76 |    55 |    47 |       ||   236
       Robe              |       |       |       |   133 |   210 ||   343
       Acid dragon scale |       |       |       |     2 |       ||     2
       Skin              |       |       |       |       |     4 ||     4
       Storm dragon scal |       |       |       |       |   140 ||   140
Dodge: Dodged            |    79 |   131 |   133 |   409 |   539 ||  1291
